 Dungeon Crawl Stone Soup version 0.26.0-15-gc6cd9f700b (webtiles) character file.

Game seed: 3648819693004254565

583 teolandon225 the Chopper (level 7, -9/61 HPs)
             Began as a Hill Orc Monk on Jan 16, 2021.
             Was a Priest of Beogh.
             Killed from afar by Dowan (24 damage)
             ... with a shard of ice
             ... on level 4 of the Dungeon.
             The game lasted 00:10:18 (3992 turns).

teolandon225 the Chopper (Hill Orc Monk)            Turns: 3992, Time: 00:10:18

Health: -9/61      AC:  6    Str: 16    XL:     7   Next: 37%
Magic:  7/8        EV: 12    Int: 10    God:    Beogh [***...]
Gold:   108        SH:  0    Dex: 13    Spells: 6/6 levels left

rFire    . . .     SeeInvis .   a - +0 hand axe
rCold    . . .     Faith    .   (no shield)
rNeg     . . .     Spirit   .   g - +0 ring mail
rPois    .         Reflect  .   (no helmet)
rElec    .         Harm     .   (no cloak)
rCorr    .         Rampage  .   j - +0 pair of gloves
Will     .....                  (no boots)
Stlth    +.........             (no amulet)
HPRegen  0.20/turn              (no ring)
MPRegen  0.11/turn              (no ring)

@: no status effects
A: no striking features
a: Renounce Religion, Smiting


You were on level 4 of the Dungeon.
You worshipped Beogh.
Beogh was most pleased with you.
You visited 1 branch of the dungeon, and saw 4 of its levels.
You also visited: Sewer.

You collected 108 gold pieces.

Inventory:

Hand Weapons
 a - a +0 hand axe (weapon)
Armour
 b - a +0 robe
 d - a +0 leather armour
 g - a +0 ring mail (worn)
 j - a +0 pair of gloves (worn)
Jewellery
 h - an uncursed ring of fire {unknown}
Scrolls
 c - 5 scrolls of teleportation {unknown}
 e - 11 scrolls of identify {unknown}
 f - a scroll of enchant armour {unknown}
 i - a scroll of blinking
 l - a scroll of remove curse {unknown}
 r - a scroll of immolation {unknown}
Potions
 k - 2 potions of ambrosia {unknown}
 m - a potion of flight {unknown}
 n - 3 potions of curing
 o - 5 potions of heal wounds {unknown}
 p - a potion of brilliance {unknown}
 q - a potion of might


   Skills:
 + Level 5.5 Fighting
 * Level 7.4 Axes
 + Level 3.5 Armour
 - Level 3.5 Dodging
 - Level 1.5 Stealth
 + Level 1.5 Invocations


You had 6 spell levels left.
You didn't know any spells.
Your spell library was empty.

Dungeon Overview and Level Annotations

Branches:
Dungeon (4/15)              Sewer (visited)
 Temple: D:4-7

Altars:
Ru

Annotations:
D:1 exclusion: downstairs
D:2 Natasha
D:4 Dowan


Message History

Your orc wizard hits Dowan with a +1 dagger of protection.
Dowan gestures at you while chanting. The stone arrow hits your orc wizard!
Your orc wizard barely misses Dowan.
Your orc closely misses Dowan.
Dowan points at you and mumbles some strange words.
The shard of ice hits your orc wizard!
Your orc wizard dies!
Your orc misses Dowan. You hit Dowan.
Dowan is heavily wounded.
Dowan hits you but does no damage.
Your orc barely misses Dowan.
You hit Dowan but do no damage.
Dowan is heavily wounded.
Dowan closely misses you. Dowan barely misses you.
Your orc hits Dowan but does no damage. You slash Dowan!
Dowan is severely wounded.
Dowan gestures at you while chanting. The shard of ice hits you!!
You die...

## #. .. .##.
#. .##. #.
.##.##. ##.
.<#.## #..
#.#..#
##.####.##.##
#........@..#
#..####.##eo#
#..# #.##..#
#####..#
#.##..#
#......#
#.##..#
#.###.##
#.##..# #o#
#.# #.##..#
#.# #.#
#.##.!# #.#
#.# ...#


You could see Dowan (fast) and a friendly orc.

Vanquished Creatures
  Duvessa (D:4)
  3 big kobolds (Sewer)
  Natasha (D:2)
  An orc wizard (D:3)
  A hound skeleton (D:4)
  3 adders (D:2)
  2 river rats (D:3)
  2 oozes
  3 worms (D:2)
  A dart slug (D:3)
  2 leopard geckos
  6 orcs
  6 ball pythons
  8 giant cockroaches
  8 goblins
  12 hobgoblins
  3 jackals (D:1)
  2 quokkas
  4 bats
  5 frilled lizards
  15 kobolds
  10 rats
99 creatures vanquished.

Vanquished Creatures (collateral kills)
  A sky beast (D:4)
  An orc (D:4)
2 creatures vanquished.

Vanquished Creatures (others)
  An orc wizard (D:4)
  An adder (D:3)
  4 plants (Sewer)
6 creatures vanquished.

Grand Total: 107 creatures vanquished

Notes
Turn   | Place    | Note
-------+----------+-------------------------------------------
     0 | D:1      | teolandon225 the Hill Orc Monk began the quest for the Orb.
     0 | D:1      | Reached XP level 1. HP: 19/19 MP: 1/1
   137 | D:1      | Reached XP level 2. HP: 9/27 MP: 2/2
   638 | D:1      | Reached skill level 1 in Armour
   841 | D:1      | Reached XP level 3. HP: 33/33 MP: 3/3
   948 | D:2      | Noticed Natasha
  1127 | D:2      | Reached skill level 5 in Axes
  1231 | D:2      | Reached XP level 4. HP: 37/40 MP: 4/4
  1487 | D:2      | Killed Natasha
  1509 | D:2      | Noticed Natasha
  2324 | D:2      | Reached XP level 5. HP: 45/47 MP: 5/5
  2604 | D:3      | Became a worshipper of Beogh the Brigand
  2604 | D:3      | Reached * piety under Beogh
  2604 | D:3      | Reached ** piety under Beogh
  2791 | D:3      | Found a sacrificial altar of Ru.
  2888 | D:3      | Found a glowing drain.
  2917 | D:3      | Reached skill level 6 in Axes
  2966 | Sewer    | Entered a sewer
  3116 | Sewer    | Noticed a big kobold
  3127 | Sewer    | Killed a big kobold
  3128 | Sewer    | Reached XP level 6. HP: 45/55 MP: 6/6
  3233 | Sewer    | Reached *** piety under Beogh
  3333 | Sewer    | Reached skill level 5 in Fighting
  3927 | D:4      | Reached skill level 7 in Axes
  3927 | D:4      | Reached XP level 7. HP: 59/61 MP: 7/7
  3955 | D:4      | Noticed Duvessa
  3955 | D:4      | Noticed Dowan
  3979 | D:4      | Killed Duvessa
  3980 | D:4      | Reached skill level 1 in Invocations
  3992 | D:4      | Killed from afar by Dowan

Illustrated notes

Levels and vault maps discovered:
D:1:      lordsloth_arrival_two_stooges, layout_rooms, fountainhead,
          minmay_misc_feat_rugged, minmay_pentomino_o2
D:2:      layout_basic, uniq_natasha
D:3:      layout_basic, portal_sewer_entry_b,
          nicolae_ru_great_annihilating_truth
D:4:      layout_loops_ring, ebering_ghost_sewer_f, serial_shops, shop,
          uniq_sigmund, uniq_duvessa

Skill      XL: |  1  2  3  4  5  6  7 |
---------------+----------------------+-----
Armour         | 1 2 3 |  3.5
Fighting       | 4 5 |  5.5
Axes           | 5 6 7 |  7.4
Dodging        | 3 |  3.5
Invocations    | 1 |  1.5
Stealth        | |  1.5

Action                   |  1- 3 |  4- 6 |  7- 9 || total
-------------------------+-------+-------+-------++-------
Melee: Hand axe          |    92 |   265 |    21 ||   378
Invok: Convert to Beogh  |       |     1 |       ||     1
  Use: Scroll            |       |     3 |       ||     3
       Potion            |       |     2 |       ||     2
 Stab: Sleeping          |     1 |       |       ||     1
       Paralysed         |       |     1 |       ||     1
Armor: Robe              |     4 |       |       ||     4
       Ring mail         |    29 |   104 |    16 ||   149
       Leather armour    |     5 |       |       ||     5
Dodge: Dodged            |    63 |   169 |    12 ||   244
